 Dungeon Crawl Stone Soup version 0.25-a0-577-ga4619f409e (webtiles) character file.

Game seed: 7282728369072861783, levelgen mode: deterministic

194728 LairdRich the Severer (level 17, -5/166 HPs)
             Began as a Minotaur Berserker on Feb 29, 2020.
             Was a High Priest of Trog.
             Slain by a ghost moth (11 damage)
             ... on level 4 of the Spider Nest on Mar 2, 2020.
             The game lasted 02:27:02 (41604 turns).

LairdRich the Severer (Minotaur Berserker)         Turns: 41604, Time: 02:27:02

Health: -5/166     AC: 21    Str: 33 (36) XL:     17   Next: 68%
Magic:  0/8        EV: 20    Int: -3 (4)  God:    Trog [*****.]
Gold:   3658       SH:  0    Dex:  4 (8)  Spells: 16/16 levels left

rFire    . . .     SeeInvis .   a - +5 executioner's axe (antimagic)
rCold    + . .     Gourm    .   (shield currently unavailable)
rNeg     . . .     Faith    .   l - +0 plate armour {rC+}
rPois    +         Spirit   .   (helmet restricted)
rElec    +         Reflect  .   z - +2 cloak {rPois}
rCorr    .         Harm     .   T - +0 pair of gloves
MR       +....                  C - +0 pair of boots
Stlth    ..........             (no amulet)
HPRegen  0.37/turn              G - ring of Pride {rElec EV+6 Str+8 Dex-3}
MPRegen  0.11/turn              P - +4 ring of evasion

@: brilliant, lethally poisoned (-5 -> -6), berserk cooldown, slowed, lost
intelligence, very slow
A: retaliatory headbutt, horns 2
}: 1/15 runes: decaying
a: Berserk, Trog's Hand, Brothers in Arms, Renounce Religion


You were on level 4 of the Spider Nest.
You worshipped Trog.
Trog was extremely pleased with you.
You were hungry.

You visited 5 branches of the dungeon, and saw 31 of its levels.
You also visited: Ossuary.

You collected 3658 gold pieces.

Inventory:

Hand Weapons
 a - a +5 antimagic executioner's axe (weapon)
 b - a +0 longbow
 w - a +5 battleaxe
 F - a +3 eveningstar of protection
 S - a cursed +0 morningstar
Missiles
 d - 374 arrows
Armour
 l - a +0 plate armour of cold resistance (worn)
 z - a +2 cloak of poison resistance (worn)
 C - a +0 pair of boots (worn)
 T - a +0 pair of gloves (worn)
Jewellery
 o - an uncursed ring of flight
 G - the ring of Pride (left hand) {rElec EV+6 Str+8 Dex-3}
   (You found it on level 6 of the Lair of Beasts)

   [ring of evasion]

   It affects your evasion (+6).
   It affects your strength (+8).
   It affects your dexterity (-3).
   It insulates you from electricity.
 L - an uncursed ring of protection from cold
 P - a +4 ring of evasion (right hand)
 V - an uncursed ring of protection from cold
Wands
 e - a wand of acid (22)
 k - a wand of paralysis (12)
 y - a wand of disintegration (20)
 H - a wand of iceblast (20)
 K - a wand of random effects (30)
 O - a wand of polymorph (8)
 U - a wand of enslavement (31)
 W - a wand of flame (24)
Scrolls
 f - 2 scrolls of fog
 g - 11 scrolls of teleportation
 h - 2 scrolls of blinking
 i - 14 scrolls of remove curse
 m - a scroll of enchant armour {unknown}
 q - 7 scrolls of immolation
 t - 9 scrolls of identify
 u - 5 scrolls of enchant weapon
 D - a scroll of holy word {unknown}
 E - 4 scrolls of magic mapping
 M - 2 scrolls of brand weapon {unknown}
Potions
 j - 3 potions of magic
 n - 4 potions of haste
 p - a potion of heal wounds
 r - 3 potions of flight
 s - 6 potions of might
 v - a potion of ambrosia
 x - 5 potions of curing
 A - 4 potions of brilliance
 B - a potion of resistance
 J - 3 potions of stabbing {unknown}
 R - 2 potions of berserk rage {unknown}
Miscellaneous
 I - a sack of spiders
 N - a box of beasts
 Q - a phial of floods (inert)
Comestibles
 c - 41 rations


   Skills:
 - Level 18.5 Fighting
 - Level 20.0 Axes
 + Level 15.7 Bows
 + Level 11.0 Armour
 + Level 10.8 Dodging
 + Level 12.1 Evocations


You had 16 spell levels left.
You didn't know any spells.
Your spell library was empty.

Dungeon Overview and Level Annotations

Branches:
Dungeon (15/15)            Temple (0/1) D:5            Lair (6/6) D:10
  Swamp (4/4) Lair:4       Spider (4/4) Lair:4        Slime (0/5) Lair:6
    Orc (2/2) D:10            Elf (0/3) Orc:2        Vaults (0/5) D:13
 Depths (0/5) D:15        Ossuary (visited)

Altars:
Dithmenos
Elyvilon
Fedhas
Gozag
Makhleb
Nemelex Xobeh
Okawaru
Sif Muna
Trog
The Shining One
Jiyva

Shops:
D:6 :   Orc:2 }*?[

Annotations:
D:14 1 runed translucent door, exclusion: door, EnegeticOcto's ghost, journeyman DDFi
Lair:1 exclusion: 3 oklob plants
Swamp:3 exclusion: downstairs


Innate Abilities, Weirdness & Mutations

You reflexively headbutt those who attack you in melee.
You have a pair of horns on your head.


Message History

Trog accepts your kill.
Trog appreciates your killing of a magic user.
You feel your strength returning.
Your Armour skill increases to level 11!
The wave splashes down.
Splash!
You fall into the shallow water.
Moving in this stuff is going to be slow.
The water rises up and takes form.
You hear an angry buzzing noise. x4; You hear an angry hiss.
You feel you are being watched by something.
Something hits you.
* * * LOW HITPOINT WARNING * * *
Something hits you.
* * * LOW HITPOINT WARNING * * *
You feel clumsy.
Something stings you but does no damage.
You feel you are being watched by something.
Something hits you but does no damage. Something hits you!
You die...

....# ##....# ..#
...## ###..# ..# #^.#
##..^# #^# #^.#
###...## ##^.# ####
##.≈...##### ###..≈#
..#
##≈...###^..###≈.†.≈#
.^#
#≈...≈##.≈≈.##≈≈..≈##
#^#
#≈.≈≈###.≈≈##{≈≈.††≈#
..# #≈..##
##†≈≈@E≈≈.#≈≈# ###
##...####..≈≈^####≈≈≈#
^# #≈..≈≈≈...≈≈## ..≈#
.## ##≈.....≈#### ..##
..# ##..^..≈# #^# ..#
##.#≈.## ## .## ######
### #^#


You could see a friendly water elemental.

Vanquished Creatures
  Bai Suzhen (Spider:3)
  Arachne (Spider:4)
  A tentacled monstrosity (Swamp:4)
  Rupert (D:15)
  A sphinx (D:15)
  2 thorn hunters (Swamp:2)
  Roxanne (Swamp:4)
  A tengu reaver (D:12)
  Louise (Swamp:4)
  A ghost moth (Spider:4)
  3 emperor scorpions
  An orc warlord (Orc:1)
  7 entropy weavers
  A very ugly thing (Swamp:3)
  2 spark wasps
  An ettin (Orc:1)
  2 green deaths (Swamp:4)
  Josephine (D:15)
  Fannar (Lair:3)
  15 hydras
  2 catoblepae (Lair:6)
  3 ghost crabs
  2 ogre magi (Orc:2)
  2 dancing weapons (D:13)
  14 alligators
  11 two-headed ogres
  6 death yaks (Lair:6)
  A centaur warrior (D:15)
  A queen ant (Spider:3)
  A thrashing horror (Swamp:4)
  Urug (Lair:2)
  2 deep trolls
  6 swamp dragons
  2 orc knights (Orc:1)
  Pikel (D:6)
  A wolf spider zombie (D:15)
  13 orb spiders
  3 deep elf magi
  5 cyclopes
  16 wolf spiders
  6 ugly things
  An orc sorcerer (Orc:2)
  4 manticores
  A moth of wrath (Spider:2)
  A black mamba (Lair:6)
  2 torpor snails
  17 spiny frogs
  2 orange demons (Swamp:4)
  3 rime drakes (Lair:5)
  6 kobold demonologists
  9 komodo dragons
  A yaktaur (D:15)
  15 demonic crawlers
  A freezing wraith (D:15)
  A queen bee (D:13)
  21 jumping spiders
  2 meliai (D:13)
  10 trolls
  7 tyrant leeches
  4 hornets
  18 blink frogs
  9 bog bodies
  23 slime creatures
  Sigmund (D:5)
  9 hippogriffs
  3 large abominations (Swamp:4)
  15 tarantellas
  3 shadows
  43 redbacks
  4 wraiths (D:15)
  2 wyverns
  47 yaks
  Eustachio (D:4)
  Grum (Lair:1)
  A basilisk (D:10)
  A hungry ghost (D:13)
  Menkaure (D:5)
  A steam dragon (D:15)
  38 vampire mosquitoes
  14 swamp worms
  7 insubstantial wisps
  2 acid dragons
  17 soldier ants (Spider:3)
  12 water moccasins
  12 porcupines
  4 sky beasts
  5 ice beasts
  Duvessa (D:4)
  21 orc warriors
  A black bear (D:7)
  3 phantoms
  26 ogres
  7 swamp drakes
  7 necrophages
  35 wolves
  8 centaurs
  21 crocodiles
  A small abomination (Swamp:4)
  2 big kobolds
  Blork the orc (D:6)
  12 bullfrogs
  A wyvern zombie (D:7)
  A gnoll sergeant (D:8)
  A wyvern skeleton (D:12)
  Dowan (D:4)
  3 scorpions
  25 killer bees
  8 wights
  A howler monkey (D:6)
  3 electric eels (Lair:4)
  A bullfrog zombie (D:5)
  4 centaur zombies
  2 crimson imps
  2 jellies
  A quasit (D:7)
  12 orc priests
  Crazy Yiuf (D:7)
  A bullfrog skeleton (D:5)
  5 centaur skeletons
  3 hounds
  18 orc wizards
  An iguana (D:6)
  Natasha (thrice) (D:3)
  25 worker ants
  A killer bee zombie (D:7)
  2 big kobold zombies (Ossuary)
  4 mummies (Ossuary)
  2 howler monkey zombies
  3 worker ant zombies
  12 gnolls
  7 adders
  6 shadow imps
  5 oozes
  An adder skeleton (D:8)
  A worm (D:4)
  A dart slug (D:2)
  6 leopard geckos
  64 orcs
  10 bats
  5 giant cockroaches
  10 goblins
  8 hobgoblins
  15 jackals
  3 quokkas
  7 frilled lizards
  A gnoll zombie (Ossuary)
  A goblin zombie (Ossuary)
  A hobgoblin zombie (D:5)
  21 kobolds
  3 kobold zombies (Ossuary)
  An orc zombie (Ossuary)
  A quokka zombie (D:7)
  7 rats
  2 bushes (D:7)
  5 fungi
  3 plants
1034 creatures vanquished.

Vanquished Creatures (collateral kills)
  A catoblepas (Lair:6)
  A two-headed ogre (D:8)
  A redback (Spider:4)
  A yak (Lair:6)
4 creatures vanquished.

Vanquished Creatures (others)
  A thorn hunter (Swamp:4)
  A hornet (Swamp:4)
  A slave (D:6)
  6 fungi
  10 plants
  5 toadstools (D:13)
24 creatures vanquished.

Grand Total: 1062 creatures vanquished

Notes
Turn   | Place    | Note
-------+----------+-------------------------------------------
     0 | D:1      | LairdRich the Minotaur Berserker began the quest for the
                  | Orb.
     0 | D:1      | Reached XP level 1. HP: 19/19 MP: 0/0
   191 | D:1      | Reached XP level 2. HP: 25/27 MP: 1/1
   247 | D:1      | Reached skill level 4 in Axes
   390 | D:1      | Upgraded the game from 0.25-a0-571-gb5e01bddfa to
                  | 0.25-a0-576-g50b708a4c4
   978 | D:2      | Reached ** piety under Trog
   985 | D:2      | Reached XP level 3. HP: 25/33 MP: 2/2
  1416 | D:2      | Found a burning altar of Makhleb.
  1416 | D:2      | Noticed a blizzard demon
  1549 | D:3      | You fall into a shaft and drop 2 floors!
  1549 | D:5      | Entered Level 5 of the Dungeon
  1549 | D:5      | Noticed a centaur
  1554 | D:5      | Killed a centaur
  1554 | D:5      | Reached skill level 5 in Axes
  1554 | D:5      | Reached XP level 4. HP: 27/41 MP: 3/3
  1554 | D:5      | Reached XP level 5. HP: 31/47 MP: 4/4
  1681 | D:5      | Noticed an ogre
  1682 | D:5      | Found a sand-covered staircase.
  1686 | D:5      | Killed an ogre
  1711 | D:5      | Noticed an ogre
  1759 | D:5      | Noticed Menkaure
  1763 | D:5      | Killed Menkaure
  1763 | D:5      | Reached skill level 5 in Fighting
  1763 | D:5      | Reached skill level 6 in Axes
  1763 | D:5      | Reached XP level 6. HP: 56/56 MP: 5/5
  1865 | Ossuary  | Entered an ossuary
  1918 | Ossuary  | Reached *** piety under Trog
  1948 | Ossuary  | Reached XP level 7. HP: 20/61 MP: 6/6
  2358 | D:5      | Noticed Sigmund
  2372 | D:5      | Reached skill level 7 in Axes
  2397 | D:5      | HP: 3/61 [centaur/arrow (6)]
  2818 | D:4      | Found a blossoming altar of Fedhas.
  2834 | D:4      | Noticed Duvessa
  2835 | D:4      | Noticed Dowan
  2841 | D:4      | Killed Dowan
  2841 | D:4      | Reached skill level 5 in Armour
  2846 | D:4      | Killed Duvessa
  2846 | D:4      | Reached skill level 5 in Dodging
  3147 | D:4      | Reached skill level 8 in Axes
  3288 | D:4      | Reached XP level 8. HP: 50/70 MP: 7/7
  3466 | D:3      | Reached **** piety under Trog
  3593 | D:3      | Found a white marble altar of Elyvilon.
  3731 | D:3      | Noticed Natasha
  3736 | D:3      | Killed Natasha
  3821 | D:3      | Noticed Natasha
  3826 | D:3      | Killed Natasha
  3938 | D:3      | Noticed Natasha
  3944 | D:3      | Killed Natasha
  4163 | D:3      | Found a white marble altar of Elyvilon.
  4740 | D:4      | Noticed Eustachio
  4747 | D:4      | Killed Eustachio
  4747 | D:4      | Reached skill level 1 in Evocations
  4758 | D:4      | Found a sparkling altar of Nemelex Xobeh.
  5099 | D:5      | Reached skill level 9 in Axes
  5200 | D:5      | Found a staircase to the Ecumenical Temple.
  5299 | D:5      | Killed Sigmund
  5612 | D:5      | Found an opulent altar of Gozag.
  5612 | D:5      | Found an iron altar of Okawaru.
  5657 | D:6      | Noticed Pikel
  5657 | D:6      | Noticed Blork the orc
  5721 | D:6      | Reached skill level 10 in Axes
  5794 | D:6      | Reached XP level 9. HP: 73/80 MP: 8/10
  5814 | D:6      | Killed Pikel
  5950 | D:6      | Killed Blork the orc
  5979 | D:6      | Found Hewnut's Book Shoppe.
  5994 | D:6      | Reached skill level 11 in Axes
  6505 | D:7      | Reached ***** piety under Trog
  6505 | D:7      | Received a gift from Trog
  6647 | D:7      | Reached skill level 12 in Axes
  6820 | D:7      | Found a glowing golden altar of the Shining One.
  6827 | D:7      | Reached XP level 10. HP: 65/91 MP: 12/12
  7163 | D:7      | Found a runed translucent door.
  7164 | D:7      | Noticed Crazy Yiuf
  7173 | D:7      | Killed Crazy Yiuf
  7522 | D:8      | Reached skill level 5 in Evocations
  7588 | D:8      | Noticed a two-headed ogre
  7593 | D:8      | Killed a two-headed ogre
  7657 | D:8      | Found an iron altar of Okawaru.
  8333 | D:9      | Paralysed by a hornet for 1 turns
  8650 | D:9      | Reached skill level 13 in Axes
  9333 | D:4      | Found a sparkling altar of Nemelex Xobeh.
  9507 | D:4      | Found a blossoming altar of Fedhas.
  9970 | D:3      | Found a white marble altar of Elyvilon.
 10800 | D:9      | Reached skill level 10 in Fighting
 10807 | D:9      | Reached skill level 1 in Bows
 10879 | D:9      | Found a bloodstained altar of Trog.
 11002 | D:9      | Found a shimmering blue altar of Sif Muna.
 11124 | D:10     | Entered Level 10 of the Dungeon
 11125 | D:10     | Identified a scroll of acquirement
 11327 | D:10     | Received a gift from Trog
 11338 | D:10     | Found a staircase to the Lair.
 11372 | D:10     | Found a staircase to the Orcish Mines.
 11440 | D:10     | Reached XP level 11. HP: 100/100 MP: 14/14
 12169 | Lair:1   | Entered Level 1 of the Lair of Beasts
 12843 | Lair:1   | Reached skill level 14 in Axes
 12994 | Lair:1   | Noticed Grum
 13014 | Lair:1   | Killed Grum
 13051 | Lair:1   | You fall into a shaft and drop 1 floor!
 13373 | Lair:2   | Received a gift from Trog
 14012 | Lair:1   | Noticed an oklob plant
 14292 | Lair:1   | Noticed an oklob plant
 14295 | Lair:1   | Noticed an oklob plant
 14789 | Lair:2   | Reached XP level 12. HP: 87/110 MP: 16/16
 14935 | Lair:2   | Noticed Urug
 15023 | Lair:2   | Killed Urug
 15248 | Lair:3   | Reached skill level 5 in Bows
 15323 | Lair:3   | Reached skill level 15 in Axes
 15360 | Lair:3   | Noticed Fannar
 15372 | Lair:3   | Killed Fannar
 16040 | Lair:4   | Noticed an eight-headed hydra
 16304 | Lair:4   | Killed a nine-headed hydra
 16579 | Lair:4   | Found a staircase to the Swamp.
 16878 | Lair:4   | Found a hole to the Spider Nest.
 17563 | Lair:5   | Noticed a seven-headed hydra
 17569 | Lair:5   | Noticed a seven-headed hydra
 17575 | Lair:5   | Killed a seven-headed hydra
 17581 | Lair:5   | Killed a seven-headed hydra
 18224 | Lair:5   | Reached XP level 13. HP: 103/117 MP: 18/18
 18653 | Lair:6   | Entered Level 6 of the Lair of Beasts
 18663 | Lair:5   | Reached skill level 16 in Axes
 19357 | Lair:5   | Received a gift from Trog
 20932 | Lair:6   | Found a staircase to the Slime Pits.
 20932 | Lair:6   | Found a viscous altar of Jiyva.
 21154 | Lair:6   | Reached skill level 10 in Evocations
 21166 | Lair:6   | Reached skill level 10 in Armour
 21667 | Lair:6   | Got a serpentine copper ring
 21679 | Lair:6   | Identified the ring of Pride {rElec EV+6 Str+8 Dex-3} (You
                  | found it on level 6 of the Lair of Beasts)
 21945 | Lair:6   | Reached skill level 17 in Axes
 22908 | D:12     | Reached skill level 10 in Dodging
 22910 | D:12     | Reached XP level 14. HP: 117/127 MP: 20/20
 23108 | D:12     | Noticed a tengu reaver
 23122 | D:12     | Killed a tengu reaver
 23351 | D:12     | Received a gift from Trog
 24227 | D:13     | Found a gate to the Vaults.
 24608 | D:13     | Received a gift from Trog
 25055 | D:14     | Found a shadowy altar of Dithmenos.
 25329 | D:14     | Found a runed translucent door.
 25331 | D:14     | Identified the cursed +1 spear of Conversion {elec, Stlth+}
 25331 | D:14     | Noticed EnegeticOcto's ghost (journeyman DDFi)
 25908 | D:15     | Entered Level 15 of the Dungeon
 25953 | D:15     | Reached skill level 18 in Axes
 26183 | D:15     | Noticed Rupert
 26206 | D:15     | Killed Rupert
 26206 | D:15     | Reached skill level 10 in Bows
 26286 | D:15     | Noticed a sphinx
 26295 | D:15     | Killed a sphinx
 26504 | D:15     | Noticed Josephine
 26520 | D:15     | Killed Josephine
 27357 | D:15     | Found a staircase to the Depths.
 27357 | D:15     | Noticed a frost giant
 27748 | Orc:1    | Entered Level 1 of the Orcish Mines
 27894 | Orc:2    | Entered Level 2 of the Orcish Mines
 27964 | Orc:2    | Reached XP level 15. HP: 77/139 MP: 21/21
 28710 | Orc:1    | Noticed an orc warlord
 28765 | Orc:1    | Killed an orc warlord
 29048 | Orc:2    | Reached skill level 15 in Fighting
 29064 | Orc:2    | Received a gift from Trog
 29128 | Orc:2    | Found a staircase to the Elven Halls.
 29540 | Orc:2    | Found Ynael's Gadget Boutique.
 29553 | Orc:2    | Found Ituet's General Store.
 29555 | Orc:2    | Found Iniukky's Magic Scroll Emporium.
 29557 | Orc:2    | Paralysed by an ogre mage for 3 turns
 29800 | Orc:1    | Reached skill level 19 in Axes
 30008 | Orc:2    | Found Xocwam's Armour Boutique.
 30293 | Swamp:1  | Entered Level 1 of the Swamp
 30550 | Swamp:1  | Received a gift from Trog
 31821 | Swamp:2  | Noticed a thorn hunter
 31835 | Swamp:2  | Killed a thorn hunter
 32094 | Swamp:2  | Noticed a thorn hunter
 32103 | Swamp:2  | Killed a thorn hunter
 33135 | Swamp:3  | Received a gift from Trog
 33145 | Swamp:3  | Reached XP level 16. HP: 151/151 MP: 22/22
 33732 | Swamp:4  | Entered Level 4 of the Swamp
 33732 | Swamp:4  | Noticed Roxanne
 33756 | Swamp:4  | Noticed Louise
 33778 | Swamp:4  | Killed Louise
 33798 | Swamp:4  | Noticed a thorn hunter
 33814 | Swamp:4  | Killed a thorn hunter
 34456 | Swamp:4  | Reached skill level 20 in Axes
 34506 | Swamp:4  | Received a gift from Trog
 34761 | Swamp:4  | Noticed a tentacled monstrosity
 34770 | Swamp:4  | Killed a tentacled monstrosity
 35289 | Swamp:4  | Got a decaying rune of Zot
 35557 | Swamp:4  | Killed Roxanne
 35673 | Spider:1 | Entered Level 1 of the Spider Nest
 36746 | Spider:2 | You fall into a shaft and drop 1 floor!
 36759 | Spider:3 | Received a gift from Trog
 37569 | Spider:2 | Reached XP level 17. HP: 137/165 MP: 7/23
 37801 | Spider:2 | Upgraded the game from 0.25-a0-576-g50b708a4c4 to
                  | 0.25-a0-577-ga4619f409e
 38041 | Spider:2 | You fall into a shaft and drop 1 floor!
 38383 | Spider:2 | Reached skill level 15 in Bows
 38813 | Spider:2 | Received a gift from Trog
 39851 | Spider:3 | Noticed Bai Suzhen
 39946 | Spider:3 | Killed Bai Suzhen
 40530 | Spider:4 | Entered Level 4 of the Spider Nest
 40706 | Spider:4 | Received a gift from Trog
 41571 | Spider:4 | Noticed Arachne
 41571 | Spider:4 | Lost intelligence.
 41599 | Spider:4 | HP: 8/249 [Arachne/uncursed staff of poison (8)]
 41604 | Spider:4 | Killed Arachne
 41604 | Spider:4 | HP: 6/166 [something (6)]
 41604 | Spider:4 | Slain by a ghost moth

Levels and vault maps discovered:
D:1:      dpeg_arrival_ternary, layout_basic
D:2:      layout_basic, makhleb_altar_promises_db
D:3:      layout_loops_ring, elyvilon_altar_1, uniq_natasha
D:4:      layout_basic, fedhas_bush_and_centaur_altar, first_ration,
          eino_curves_02, nemelex_lonely_heart_becter, uniq_eustachio,
          uniq_duvessa
D:5:      layout_loops_ring, gammafunk_temple_overflow_statue,
          minmay_temple_entry_grid, enter_ossuary_3, uniq_sigmund, uniq_menkaure
D:6:      layout_basic, serial_shops, shop_fountains, uniq_pikel,
          uniq_blork_the_orc
D:7:      layout_loops_ring, kennysheep_mini_moat, uniq_crazy_yiuf_cottage
D:8:      layout_loops_ring, basic_altar
D:9:      layout_rooms, lemuel_blue_sif_altar, basic_altar, grunt_ogre_cave
D:10:     layout_loops_corners, minmay_lair_entry_grove, orc_0_dummy
D:11:     layout_rooms, minmay_splitting_lines
D:12:     layout_cave_pools, minmay_three_doors
D:13:     layout_roguey [special_room_bee], erik_vaults_1,
          minmay_gold_behind_fungi
D:14:     layout_loops_corners, nicolae_dithmenos_through_a_glass_darkly,
          ebering_ghost_funeral_grove
D:15:     grunt_enter_depths_snipers, layout_stronghold, minmay_misc_feat_tiny,
          uniq_rupert, uniq_josephine
Lair:1:   layout_roguey, grunt_forest_large_clearings,
          minmay_lair_oklob_chamber, grunt_megastairs_4, lemuel_fruit_fields,
          uniq_grum
Lair:2:   layout_gridlike, uniq_urug
Lair:3:   layout_roguey, uniq_fannar
Lair:4:   layout_gridlike, minmay_swamp_entry_reptiles,
          nicolae_spider_entry_tight_spaces
Lair:5:   layout_small_grid, roderic_carrion_pond
Lair:6:   evilmike_catoblepas_cave, layout_hall_layers, slime_altar_1,
          nicolae_volcano_entry_two_sided, chequers_serial_rivers_micro_b,
          grunt_megastairs_3
Swamp:1:  layout_falls_marsh, evilmike_swamp_ruin_rubble_2, swamp_pool2
Swamp:2:  layout_basic_swamp, nicolae_swamp_little_tower, swamp_pool3
Swamp:3:  layout_falls_marsh, nicolae_swamp_feature_on_the_river_bank,
          swamp_pool5
Swamp:4:  swamp_vile, layout_basic_swamp, uniq_roxanne, uniq_louise
Spider:1: layout_spider_delve
Spider:2: nicolae_orb_stairs_large, einodemon_crawler_minivault
Spider:3: layout_spider_delve, zaba_antful_of_joy, uniq_bai_suzhen
Spider:4: spider_rune_water, uniq_arachne
Orc:1:    cheibrodos_orc_arena, layout_diamond_mine
Orc:2:    st_orc_open, layout_diamond_mine

Skill      XL: |  1  2  3  4  5  6  7  8  9 10 11 12 13 14 15 16 17 |
---------------+----------------------------------------------------+-----
Axes           | 4 5 6 8 10 12 13 14 15 17 18 19 20 | 20.0
Fighting       | 4 5 6 7 9 10 11 12 14 16 18 | 18.5
Armour         | 3 4 5 6 7 9 10 11 | 11.0
Dodging        | 3 4 5 6 7 8 10 | 10.8
Evocations     | 2 4 5 7 9 10 12 | 12.1
Bows           | 2 4 6 8 10 12 14 15 | 15.7

Action                   |  1- 3 |  4- 6 |  7- 9 | 10-12 | 13-15 | 16-18 || total
-------------------------+-------+-------+-------+-------+-------+-------++-------
Melee: Hand axe          |   106 |    53 |    70 |       |       |       ||   229
       Headbutt          |     9 |    12 |    67 |   104 |   149 |   136 ||   477
       War axe           |       |       |    61 |       |       |       ||    61
       Broad axe         |       |       |    89 |       |       |       ||    89
       Battleaxe         |       |       |    24 |   448 |   704 |   129 ||  1305
       Morningstar       |       |       |       |    16 |    36 |       ||    52
       Great mace        |       |       |       |       |    10 |       ||    10
       Executioner's axe |       |       |       |       |       |   347 ||   347
       Eveningstar       |       |       |       |       |       |    47 ||    47
 Fire: Shortbow          |       |       |       |   147 |   287 |       ||   434
       Longbow           |       |       |       |       |   130 |   236 ||   366
Invok: Berserk           |       |     3 |     2 |     2 |     2 |     1 ||    10
       Trog's Hand       |       |       |     1 |     4 |     8 |     7 ||    20
       Brothers in Arms  |       |       |       |     2 |     1 |     1 ||     4
Evoke: Wand              |       |       |       |     3 |     8 |     4 ||    15
       Sack of spiders   |       |       |       |     2 |       |       ||     2
       Phial of floods   |       |       |       |       |     1 |     2 ||     3
  Use: Scroll            |       |       |    11 |    15 |     5 |     3 ||    34
       Potion            |       |       |       |       |     1 |    12 ||    13
 Stab: Distracted        |       |       |       |     1 |     1 |       ||     2
       Confused          |       |       |       |       |     1 |       ||     1
  Eat: Chunk             |     2 |     3 |     9 |    15 |    35 |     9 ||    73
       Ration            |       |       |     3 |     7 |     6 |     6 ||    22
Armor: Animal skin       |     2 |       |       |       |       |       ||     2
       Scale mail        |    33 |     6 |    82 |    20 |   115 |       ||   256
       Leather armour    |     6 |       |       |       |       |       ||     6
       Plate armour      |       |       |       |   256 |   260 |   486 ||  1002
Dodge: Dodged            |    66 |    18 |   141 |   407 |   902 |   811 ||  2345

Table legend:
 A = Non-vault XP
 B = Vault XP
 C = Vault XP percentage of total XP
 D = Non-vault monster count
 E = Vault monster count
 F = Vault count percentage of total count
                 A         B        C        D         E       F
            +---------+---------+-------+---------+---------+-------
      Total |  163029 |  103791 |  38.9 |     733 |     297 |  28.8
            +---------+---------+-------+---------+---------+-------
        D:1 |      31 |       0 |   0.0 |      19 |       0 |   0.0
        D:2 |      31 |       0 |   0.0 |      15 |       0 |   0.0
        D:3 |     160 |      33 |  17.1 |      26 |       1 |   3.7
        D:4 |     268 |     511 |  65.6 |      19 |       4 |  17.4
        D:5 |     868 |     415 |  32.3 |      27 |       3 |  10.0
        D:6 |    1178 |     742 |  38.6 |      22 |       2 |   8.3
        D:7 |    1225 |      40 |   3.2 |      20 |       1 |   4.8
        D:8 |    1910 |       0 |   0.0 |      33 |       0 |   0.0
        D:9 |    1609 |     122 |   7.0 |      29 |       1 |   3.3
       D:10 |     250 |    2125 |  89.5 |       3 |      16 |  84.2
       D:11 |    2020 |       0 |   0.0 |      18 |       0 |   0.0
       D:12 |    4824 |    2405 |  33.3 |      21 |       2 |   8.7
       D:13 |    4109 |    4105 |  50.0 |      29 |      27 |  48.2
       D:14 |    5340 |       0 |   0.0 |      25 |       0 |   0.0
       D:15 |    9957 |    5622 |  36.1 |      23 |       7 |  23.3
     Lair:1 |    1231 |    3411 |  73.5 |       7 |      29 |  80.6
     Lair:2 |    6366 |     831 |  11.5 |      32 |       1 |   3.0
     Lair:3 |    4005 |     620 |  13.4 |      19 |       1 |   5.0
     Lair:4 |    3957 |    1846 |  31.8 |      17 |       9 |  34.6
     Lair:5 |    9160 |    2136 |  18.9 |      26 |       8 |  23.5
     Lair:6 |    5120 |   11052 |  68.3 |      18 |      23 |  56.1
    Swamp:1 |   11158 |       0 |   0.0 |      29 |       0 |   0.0
    Swamp:2 |   13943 |       0 |   0.0 |      25 |       0 |   0.0
    Swamp:3 |    9364 |     398 |   4.1 |      28 |       3 |   9.7
    Swamp:4 |   11629 |   22828 |  66.3 |      31 |      32 |  50.8
   Spider:1 |   13710 |       0 |   0.0 |      21 |       0 |   0.0
   Spider:2 |   24755 |    4652 |  15.8 |      65 |      13 |  16.7
   Spider:3 |    3782 |   12545 |  76.8 |       8 |      37 |  82.2
   Spider:4 |    5206 |    9348 |  64.2 |      15 |      16 |  51.6
      Orc:1 |    3293 |    8663 |  72.5 |      31 |      26 |  45.6
      Orc:2 |    2570 |    9209 |  78.2 |      32 |      23 |  41.8
    Ossuary |       0 |     132 | 100.0 |       0 |      12 | 100.0
            +---------+---------+-------+---------+---------+-------
